 Dungeon Crawl Stone Soup version 0.24.0-123-gd5b16e6ec5 (webtiles) character file.

Game seed: 4344215768487064226, levelgen mode: deterministic

1382 H0rd4k the Cutter (level 8, 0/60 HPs)
             Began as a Human Artificer on Jan 31, 2020.
             Slain by Duvessa
             ... wielding a +0 short sword
              (15 damage)
             ... on level 6 of the Dungeon.
             The game lasted 00:10:21 (6012 turns).

H0rd4k the Cutter (Human Artificer)                 Turns: 6012, Time: 00:10:22

Health: 0/60       AC:  5    Str: 16    XL:     8   Next: 99%
Magic:  11/11      EV: 14    Int: 13    God:
Gold:   277        SH:  0    Dex: 14    Spells: 7/7 levels left

rFire    . . .     SeeInvis .   C - +10 long sword of the Sugar Beet {venom, Str+3}
rCold    . . .     Gourm    .   (no shield)
rNeg     + . .     Faith    .   i - +2 robe {rN+}
rPois    .         Spirit   .   q - +0 hat
rElec    .         Reflect  .   (no cloak)
rCorr    .         Harm     .   (no gloves)
MR       .....                  E - +0 pair of boots
Stlth    +++.......             (no amulet)
HPRegen  0.20/turn              (no ring)
MPRegen  0.12/turn              (no ring)

@: no status effects
A: no striking features
a: no special abilities


You were on level 6 of the Dungeon.
You were hungry.

You visited 1 branch of the dungeon, and saw 6 of its levels.

You collected 277 gold pieces.

Inventory:

Hand Weapons
 a - a +0 short sword
 t - a +3 dagger
 C - the +10 long sword of the Sugar Beet (weapon) {venom, Str+3}
   (You found it on level 4 of the Dungeon)

   It poisons the flesh of those it strikes.
   It affects your strength (+3).
 D - the +5 hunting sling "Caex" {flame, Str+3}
   (You found it on level 6 of the Dungeon)

   It causes projectiles fired from it to burn those they strike, causing extra
   injury to most foes and up to half again as much damage against particularly
   susceptible opponents.
   It affects your strength (+3).
Missiles
 l - 3 throwing nets (quivered)
 m - 8 boomerangs
 v - 30 poisoned darts
Armour
 b - a +0 leather armour
 i - a +2 robe of positive energy (worn)
 p - a +2 robe of fire resistance
 q - a +0 hat (worn)
 E - a +0 pair of boots (worn)
Magical Staves
 n - an uncursed staff of power
 F - an uncursed staff of wizardry
Jewellery
 G - an uncursed ring of fire {unknown}
Wands
 c - a wand of flame (5)
 d - a wand of enslavement (7)
 e - a wand of random effects (12)
Scrolls
 g - 11 scrolls of identify {unknown}
 j - a scroll of fear {unknown}
 o - 2 scrolls of magic mapping {unknown}
 s - a scroll of enchant weapon {unknown}
 u - 4 scrolls of fog
 y - a scroll of blinking {unknown}
 z - 2 scrolls of remove curse
Potions
 h - 4 potions of curing
 k - a potion of berserk rage {unknown}
 r - a potion of brilliance {unknown}
 w - a potion of ambrosia {unknown}
 x - a potion of mutation {unknown}
 A - a potion of invisibility {unknown}
 B - 2 potions of degeneration {unknown}
Comestibles
 f - 12 rations


   Skills:
 + Level 4.1 Fighting
 + Level 5.0(5.4) Short Blades
 + Level 3.2(4.6) Long Blades
 + Level 0.8 Staves
 * Level 1.6 Slings
 + Level 0.3 Armour
 + Level 4.4 Dodging
 + Level 4.0 Stealth
 + Level 4.9 Evocations


You had 7 spell levels left.
You didn't know any spells.
Your spell library was empty.

Dungeon Overview and Level Annotations

Branches:
Dungeon (6/15)
 Temple: D:4-7

Altars:
Ashenzari
Cheibriados
Elyvilon
Vehumet
The Shining One

Annotations:
D:2 exclusion: 2 downstairs
D:6 Duvessa


Message History

Duvessa misses you.
Things that are here:
a +0 dagger; a cursed +0 robe; the elf corpse of Dowan You hit Duvessa.
Duvessa is poisoned.
Duvessa is lightly wounded.
Duvessa barely misses you. Duvessa hits you with a +0 short sword!
You hit Duvessa but do no damage.
Duvessa looks as sick as possible!
Duvessa is lightly wounded.
Duvessa hits you with a +0 short sword! x2
You slash Duvessa!
Duvessa is moderately wounded.
Duvessa hits you but does no damage. Duvessa hits you with a +0 short sword!
* * * LOW HITPOINT WARNING * * *
You hit Duvessa.
Duvessa looks as sick as possible!
Duvessa is moderately wounded.
Duvessa hits you but does no damage.
You feel better. Duvessa hits you with a +0 short sword!
* * * LOW HITPOINT WARNING * * *
Duvessa hits you with a +0 short sword!
You die...

#.# #.#########.#
#.# #...........#
#.###
#############
#.#.. ..#
##.#.#### #.#
...#.#..# #.#
.###.#..# #.# .#
#.#..# #e# .#
#.#..# #@#
.###.#..########.#
.................#
####.###########.#
.......# #.#
.###.#.# ###
.....#.# ######.#
.......#


You could see Duvessa (berserk).

Vanquished Creatures
  Grinder (D:3)
  A sky beast (D:6)
  A phantom (D:4)
  2 bullfrogs
  2 scorpions
  Dowan (D:6)
  2 howler monkeys
  2 crimson imps
  A jelly (D:6)
  A quasit (D:6)
  2 hounds
  2 orc wizards
  Jessica (D:2)
  2 iguanas (D:6)
  4 worker ants
  A hound skeleton (D:5)
  Robin (D:2)
  5 gnolls
  6 adders
  2 shadow imps (D:5)
  An ooze (D:2)
  An adder zombie (D:6)
  2 worms (D:2)
  4 dart slugs
  6 leopard geckos
  8 orcs
  2 ball pythons
  5 bats
  6 giant cockroaches
  14 goblins
  10 hobgoblins
  11 jackals
  4 kobolds
  2 quokkas
  6 frilled lizards
  A quokka zombie (D:5)
  10 rats
133 creatures vanquished.

Vanquished Creatures (collateral kills)
  A leopard gecko (D:4)
1 creature vanquished.

Vanquished Creatures (others)
  An orc priest (D:3)
  Ijyb (D:3)
  A worker ant (D:4)
  An adder (D:3)
  2 orcs (D:3)
6 creatures vanquished.

Grand Total: 140 creatures vanquished

Notes
Turn   | Place    | Note
-------+----------+-------------------------------------------
     0 | D:1      | H0rd4k the Human Artificer began the quest for the Orb.
     0 | D:1      | Reached XP level 1. HP: 15/15 MP: 3/3
    92 | D:1      | Reached XP level 2. HP: 12/21 MP: 4/4
   361 | D:1      | Reached XP level 3. HP: 26/26 MP: 5/5
   947 | D:2      | Found a glowing golden altar of the Shining One.
  1001 | D:2      | Noticed Robin
  1080 | D:2      | Reached XP level 4. HP: 23/32 MP: 7/7
  1331 | D:2      | Killed Robin
  1344 | D:2      | Reached skill level 2 in Short Blades
  1699 | D:2      | Reached XP level 5. HP: 29/37 MP: 8/8
  1841 | D:2      | Found a white marble altar of Elyvilon.
  2069 | D:2      | Noticed Jessica
  2217 | D:2      | Killed Jessica
  2217 | D:2      | Reached skill level 3 in Short Blades
  2296 | D:2      | Found a radiant altar of Vehumet.
  2307 | D:2      | Found a shattered altar of Ashenzari.
  2513 | D:3      | Reached XP level 6. HP: 18/44 MP: 9/9
  2704 | D:3      | Noticed Grinder
  2705 | D:3      | Paralysed by Grinder for 7 turns
  3058 | D:3      | Found a faded altar of an unknown god.
  3091 | D:3      | Noticed Ijyb
  3107 | D:3      | Your ally died
  3119 | D:3      | Paralysed by Grinder for 7 turns
  3127 | D:3      | Killed Grinder
  3127 | D:3      | Reached XP level 7. HP: 37/50 MP: 10/10
  3184 | D:3      | Found a snail-covered altar of Cheibriados.
  3187 | D:3      | Reached skill level 4 in Short Blades
  4475 | D:4      | Reached XP level 8. HP: 32/58 MP: 11/11
  4571 | D:4      | Got a faintly glowing long sword
  4573 | D:4      | Identified the +10 long sword of the Sugar Beet {venom,
                  | Str+3} (You found it on level 4 of the Dungeon)
  4590 | D:5      | Entered Level 5 of the Dungeon
  5017 | D:5      | Reached skill level 5 in Short Blades
  5428 | D:6      | Reached skill level 1 in Long Blades
  5498 | D:6      | Got an ancient hunting sling
  5499 | D:6      | Identified the +5 hunting sling "Caex" {flame, Str+3} (You
                  | found it on level 6 of the Dungeon)
  5525 | D:6      | Reached skill level 1 in Slings
  6003 | D:6      | Noticed Duvessa
  6003 | D:6      | Noticed Dowan
  6006 | D:6      | Killed Dowan
  6012 | D:6      | Slain by Duvessa

Levels and vault maps discovered:
D:1:      doesnt_arrival_eight_statues, layout_loops_ring, hex_tiny
D:2:      layout_rooms, elyvilon_altar_4, amethyst_overflow_temple_binary,
          first_ration, nicolae_tso_carved_into_rock, uniq_robin, uniq_jessica
D:3:      layout_basic, nicolae_overflow_crystal_walls, serial_rivers,
          chequers_serial_rivers_micro_c, chequers_serial_rivers_small_b,
          chequers_serial_rivers_micro_b, chequers_serial_rivers_micro_a,
          chequers_serial_rivers_micro_e,
          chequers_ecumenical_altar_simple_redux, kennysheep_generic_room_15,
          uniq_ijyb, uniq_grinder
D:4:      layout_rooms
D:5:      layout_basic
D:6:      layout_basic, lemuel_coloured_pillars_altar, uniq_duvessa

Skill      XL: |  1  2  3  4  5  6  7  8 |
---------------+-------------------------+-----
Evocations     | 4 |  4.9
Short Blades   | 2 3 4 5 |  5.0
Stealth        | 2 3 4 |  4.0
Fighting       | 2 3 4 |  4.1
Dodging        | 3 4 |  4.4
Long Blades    | 3 |  3.2
Slings         | 1 |  1.6
Staves         | |  0.8
Armour         | |  0.3

Action                   |  1- 3 |  4- 6 |  7- 9 || total
-------------------------+-------+-------+-------++-------
Melee: Short sword       |   117 |   173 |       ||   290
       Dagger            |       |    41 |   138 ||   179
       Long sword        |       |       |    61 ||    61
       Staff             |       |       |    27 ||    27
Evoke: Wand              |     1 |    20 |    12 ||    33
  Use: Potion            |       |       |     2 ||     2
       Scroll            |       |       |     2 ||     2
 Stab: Sleeping          |     2 |     5 |     7 ||    14
  Eat: Chunk             |       |     7 |     9 ||    16
Armor: Leather armour    |     1 |       |       ||     1
       Robe              |    20 |    40 |    52 ||   112
Dodge: Dodged            |    73 |   121 |   126 ||   320
       Rpst.: Long sword |       |       |    14 ||    14
